 Dungeon Crawl Stone Soup version 0.17.1-2-g5865329 (webtiles) character file.

29 ololoev the Skirmisher (level 3, 0/29 HPs)
             Began as a Demonspawn Fighter on Jan 26, 2016.
             Slain by an adder (3 damage)
             ... on level 4 of the Dungeon.
             The game lasted 00:03:54 (395 turns).

ololoev the Skirmisher (Demonspawn Fighter)          Turns: 395, Time: 00:03:54

Health: 0/29       AC:  7    Str: 17    XL:     3   Next: 1%
Magic:  3/3        EV:  6    Int:  9    God:
Gold:   53         SH:  8    Dex: 12    Spells: 0 memorised, 2 levels left

rFire  . . .     SeeInvis .     a - +0 war axe
rCold  . . .     Clarity  .     b - +0 scale mail
rNeg   . . .     SustAt   .     c - +0 shield
rPois  .         Gourm    .     (helmet restricted)
rElec  .         Spirit   .     (no cloak)
rCorr  .         Warding  .     (no gloves)
rMut   .         Stasis   .     (no boots)
MR     .....                    (no amulet)
Stlth  ..........               (no ring)
                                (no ring)

@: lethally poisoned (0 -> -4), not resistant to hostile enchantments, extremely
unstealthy
A: horns 1, icy blue scales 1
a: no special abilities


Innate Abilities, Weirdness & Mutations

You have a pair of small horns on your head.
You are partially covered in icy blue scales (AC +1).

Inventory:

Hand Weapons
 a - a +0 war axe (weapon)
Armour
 b - a +0 scale mail (worn)
 c - a +0 shield (worn)
Scrolls
 f - 2 scrolls of identify {unknown}
 h - a scroll of remove curse {unknown}
Potions
 d - a potion of beneficial mutation {unknown}
 g - a potion of lignification {unknown}
 j - a potion of heal wounds {unknown}
 k - a potion of curing {unknown}
Comestibles
 e - 3 bread rations
 i - a beef jerky
 l - a meat ration


   Skills:
 - Level 3.0 Fighting
 * Level 2.9 Axes
 + Level 3.0 Armour
 - Level 2.6 Shields


You had 2 spell levels left.
You didn't know any spells.


You were on level 4 of the Dungeon.
You were not hungry.

You visited 1 branch of the dungeon, and saw 5 of its levels.

You collected 53 gold pieces.

...............
................
.................
.................#
.................#
.................#
......S..........#
.......@.........#
##...............#
#..#.............#
. ######........#
###...>..# #
####...## ##.
###..####..
##..##... ####
###....#

Notes
Turn   | Place    | Note
--------------------------------------------------------------
     0 | D:1      | ololoev the Demonspawn Fighter began the quest for the Orb.
     0 | D:1      | Reached XP level 1. HP: 18/18 MP: 1/1
   114 | D:2      | Gained mutation: You are partially covered in icy blue scales (AC +1). [demonic ancestry]
   114 | D:2      | Reached XP level 2. HP: 4/24 MP: 2/2
   234 | D:2      | HP: 1/24 [ball python (1)]
   240 | D:2      | Gained mutation: You have a pair of small horns on your head. [demonic ancestry]
   240 | D:2      | Reached XP level 3. HP: 2/29 MP: 3/3
   345 | D:4      | Found an ancient bone altar of Kikubaaqudgha.
   374 | D:5      | Entered Level 5 of the Dungeon
   395 | D:4      | Slain by an adder

Dungeon Overview and Level Annotations

Branches:
Dungeon (5/15)
 Temple: D:4-7

Altars:
Kikubaaqudgha


Message History

There is a stone staircase leading down here.
You climb downwards.
There is a stone staircase leading up here.
You climb upwards.
There is a stone staircase leading down here.
An adder comes into view.
You completely miss the adder. You block the adder's attack.
The adder bites you but does no damage.
You closely miss the adder. Your headbutt misses the adder.
The adder bites you but does no damage. x2
You closely miss the adder. The adder bites you.
You are poisoned.
The adder poisons you!
You closely miss the adder.
You feel sick. You block the adder's attack.
The adder bites you but does no damage.
Your shield prevents you from hitting the adder.
You feel sick. The adder bites you but does no damage.
You block the adder's attack.
You miss the adder. You block the adder's attack. You block the adder's attack.
You closely miss the adder. Your headbutt misses the adder.
You feel sick. The adder bites you.
You are lethally poisoned!
The adder poisons you! You block the adder's attack.
You hit the adder. Your headbutt misses the adder.
The adder is heavily wounded.
You feel sick. The adder bites you but does no damage.
The adder closely misses you.
You miss the adder.
The adder is heavily wounded.
You feel sick. The adder barely misses you. The adder barely misses you.
Your shield and scale mail prevent you from hitting the adder.
The adder is heavily wounded.
You feel sick. You block the adder's attack. You block the adder's attack.
You closely miss the adder.
The adder is heavily wounded.
The adder completely misses you.
You barely miss the adder.
The adder is heavily wounded.
You feel sick. The adder bites you.
You die...

You could see an adder.

Vanquished Creatures
  An adder (D:2)
  A giant gecko (D:3)
  A giant cockroach (D:2)
  5 hobgoblins
  2 ball pythons (D:2)
  2 bats
  2 giant newts (D:3)
  2 goblins (D:2)
  A kobold (D:2)
  2 rats
19 creatures vanquished.

Action                   || total
-------------------------++-------
Melee: War axe           ||    48
  Use: Potion            ||     1

Vault maps used:
D:1:      lemuel_arrival_tunnels
D:2:      uniq_natasha
D:3:      gammafunk_temple_overflow_elements, ecumenical_altar_1, first_bread,
          uniq_terence, uniq_sigmund, uniq_grinder
D:4:      marbit_many_paths, kennysheep_little_box, overflow_temple_1_default
D:5:      kennysheep_boxes, uniq_duvessa
